 Dungeon Crawl Stone Soup version 0.30-a0-305-g026cb31310 (webtiles) character file.

Game seed: 14724658780357354148

266 koil the Sneak (level 6, -8/32 HPs)
             Began as a Spriggan Brigand on Oct 23, 2022.
             Killed from afar by an orc wizard (10 damage)
             ... with a magic dart
             ... on level 3 of the Dungeon.
             The game lasted 00:06:59 (2947 turns).

koil the Sneak (Spriggan Brigand)                   Turns: 2947, Time: 00:07:00

Health: -8/32      AC:  3    Str:  7    XL:     6   Next: 0%
Magic:  11/11      EV: 18    Int: 15    God:
Gold:   208        SH:  0    Dex: 16    Spells: 11/11 levels left

rFire   . . .      SeeInvis +    a - +2 dagger
rCold   . . .      Faith    .    (no shield)
rNeg    . . .      Spirit   .    b - +0 robe
rPois   .          Reflect  .    (helmet restricted)
rElec   .          Harm     .    c - +0 cloak
rCorr   .          Rampage  .    (gloves unavailable)
Will    +....                    (boots unavailable)
Stlth   ++........               (no amulet)
HPRegen 0.25/turn                (no ring)
MPRegen 0.12/turn                (no ring)

@: confused, studying Hexes, very quick
A: very small, no large weapons, unfitting armour, see invisible, speed 3
a: no special abilities


You were on level 3 of the Dungeon.
You visited 1 branch of the dungeon, and saw 3 of its levels.
You also visited: Sewer.

You collected 208 gold pieces.

Inventory:

Hand Weapons
 a - a +2 dagger (weapon)
Missiles
 d - 5 poisoned darts (quivered)
 e - 3 curare-tipped darts
 t - 2 datura-tipped darts
 w - 5 atropa-tipped darts
Armour
 b - a +0 robe (worn)
 c - a +0 cloak (worn)
Magical Staves
 z - a staff of earth
Scrolls
 g - 3 scrolls of identify {unknown}
 h - 2 scrolls of enchant armour {unknown}
 i - a scroll of teleportation {unknown}
 j - a scroll of summoning {unknown}
 l - a scroll of fog {unknown}
 m - a scroll of vulnerability {unknown}
 q - a scroll of magic mapping {unknown}
 s - a scroll of noise {unknown}
 u - a scroll of fear {unknown}
 y - a scroll of brand weapon {unknown}
Potions
 f - a potion of brilliance {unknown}
 k - a potion of berserk rage {unknown}
 n - 3 potions of mutation {unknown}
 o - a potion of resistance {unknown}
 p - a potion of heal wounds {unknown}
 r - a potion of flight {unknown}
 v - 2 potions of lignification {unknown}
 x - a potion of invisibility {unknown}


   Skills:
 + Level 2.6 Fighting
 + Level 3.5 Short Blades
 - Level 2.0 Throwing
 + Level 3.6 Dodging
 + Level 7.1 Stealth
 + Level 3.0 Spellcasting
 + Level 0.8 Hexes


You had 11 spell levels left.
You didn't know any spells.
Your spell library contained the following spells:

 Spells                   Type           Power      Damage    Failure   Level
 Cigotuvi's Dreadful Rot  Necr/Pois/Air  4%         N/A       30%         2
 Poisonous Vapours        Pois/Air       4%         N/A       30%         2
 Mephitic Cloud           Conj/Pois/Air  2%         N/A       52%         3


Dungeon Overview and Level Annotations

Branches:
Dungeon (3/15)              Sewer (visited)

Altars:
Elyvilon

Annotations:
D:3 Terence


Innate Abilities, Weirdness & Mutations

You are very small and have problems with some larger weapons.
You are too small for most types of armour.
You have supernaturally acute eyesight. (SInv)
You cover ground extremely quickly. (Speed+++)


Message History

The orc is severely wounded.
You hit the orc.
You kill the orc!
The orc wizard casts a spell at you. The puff of flame hits you!
* * * LOW HITPOINT WARNING * * *
You have reached level 6!
Throw: 9 darts (poison)
Press: ? - help, Q - select action, (/) - cycle Shift-Dir - straight line, f - orc wizard
Aim: an orc wizard, wielding a +0 dagger and wearing a +0 robe (slightly transparent, 55% to hit)
You throw a poisoned dart. The poisoned dart hits the orc wizard.
Throw: 8 darts (poison)
Press: ? - help, Q - select action, (/) - cycle Shift-Dir - straight line, f/p - orc wizard
Aim: an orc wizard, wielding a +0 dagger and wearing a +0 robe (slightly transparent, 55% to hit)
You throw a poisoned dart. The poisoned dart hits the orc wizard.
The orc wizard is poisoned.
The orc wizard gestures at you while chanting.
The orc wizard resists with some effort.
The orc wizard casts a spell at you.
You are confused.
Non-targeted confused throw: 7 darts (poison)
Press: ? - help, Q - select action, (/) - cycle Dir - look around, f - activate You throw a poisoned dart.
The orc wizard hits you with a +0 dagger.
* * * LOW HITPOINT WARNING * * *
Non-targeted confused throw: 6 darts (poison)
Press: ? - help, Q - select action, (/) - cycle Dir - look around, f - activate You throw a poisoned dart.
Non-targeted confused throw: 5 darts (poison)
Press: ? - help, Q - select action, (/) - cycle Dir - look around, f - activate
Okay, then.
Unknown command.
The orc wizard casts a spell at you. The magic dart hits you!
* * * LOW HITPOINT WARNING * * *
You bump into the rock wall.
You bump into the rock wall.
The orc wizard points at you and mumbles some strange words.
The magic dart hits you!
You die...

#........####.....hK..
#.######.#.....#..o...
#.# #......##..##.....
####.###...#####K..#
#### #........###
#.#...... ....###..#.#
#o####### #..#....##.#
#o# ......####.# #o#
##..#..# #.## #@#
#..###.###..####.#
..## #...........#
....#####...##...###
#####..........<...#
....####.#.........#
.#..# #.##........#
..._# #...........###
.#..# #..#..........##


You could see 2 orc wizards, an orc and a kobold.

Vanquished Creatures
  A bullfrog (Sewer)
  Natasha (thrice) (D:3)
  3 adders
  2 dart slugs (D:3)
  2 orcs (D:3)
  6 bats
  4 endoplasms
  11 giant cockroaches
  4 hobgoblins
  8 jackals
  9 quokkas
  8 ball pythons
  14 frilled lizards
  4 goblins
  8 kobolds
  4 rats
91 creatures vanquished.

Notes
Turn   | Place    | Note
-------+----------+-------------------------------------------
     0 | D:1      | koil the Spriggan Brigand began the quest for the Orb.
     0 | D:1      | Reached XP level 1. HP: 10/10 MP: 2/2
   312 | D:1      | Reached skill level 6 in Stealth
   348 | D:1      | Reached XP level 2. HP: 15/15 MP: 3/3
   870 | D:1      | Reached skill level 1 in Spellcasting
  1195 | D:2      | Reached XP level 3. HP: 18/18 MP: 5/5
  1679 | D:3      | Noticed Natasha
  1686 | D:3      | Killed Natasha
  1687 | D:3      | Reached XP level 4. HP: 23/23 MP: 7/7
  1744 | D:3      | Noticed Natasha
  1759 | D:3      | Killed Natasha
  1932 | D:3      | Found a white marble altar of Elyvilon.
  2005 | D:3      | Found a glowing drain.
  2005 | D:3      | Noticed Terence
  2101 | Sewer    | Entered a sewer
  2226 | Sewer    | Reached XP level 5. HP: 26/27 MP: 9/9
  2476 | Sewer    | Reached skill level 7 in Stealth
  2897 | D:3      | Noticed Natasha
  2931 | D:3      | Killed Natasha
  2940 | D:3      | Reached XP level 6. HP: 10/32 MP: 11/11
  2945 | D:3      | HP: 1/32 [orc wizard/magic dart (7)]
  2947 | D:3      | Killed from afar by an orc wizard

Illustrated notes

Levels and vault maps discovered:
D:1:      evilmike_arrival_rings, layout_basic
D:2:      layout_loops_ring
D:3:      layout_rooms, lemuel_coloured_pillars_altar, gup_sewer_entry_glass,
          grunt_ministairs_10, uniq_natasha, uniq_terence

Skill      XL: |  1  2  3  4  5 |
---------------+----------------+-----
Stealth        | 6 7 |  7.1
Spellcasting   | 1 2 3 |  3.0
Dodging        | 2 3 |  3.6
Fighting       | 2 |  2.6
Short Blades   | 3 |  3.5
Throwing       | |  2.0
Hexes          | |  0.8

Action                   |  1- 3 |  4- 6 || total
-------------------------+-------+-------++-------
Melee: Dagger            |   111 |   222 ||   333
       Punch             |       |     2 ||     2
Throw: Dart              |       |    13 ||    13
 Stab: Sleeping          |    14 |     2 ||    16
Armor: Robe              |    12 |    27 ||    39
Dodge: Dodged            |    75 |   193 ||   268

Table legend: (Time is in decaauts)
 A = Elapsed time spent in this place.
 B = Non-inter-level travel time spent in this place.
 C = Inter-level travel time spent in this place.
 D = Time resting spent in this place.
 E = Time spent auto-exploring this place.
 F = Levels seen in this place.
 G = Mean time per level.
                   A        B        C        D        E       F      G
               +--------+--------+--------+--------+--------+-----+--------+
         Total |   2094 |   1997 |     97 |     53 |   1281 |   4 |  523.5 |
       Dungeon |   1557 |   1460 |     97 |     53 |    973 |   3 |  519.0 |
         Sewer |    536 |    536 |      0 |      0 |    308 |   1 |  536.0 |
               +--------+--------+--------+--------+--------+-----+--------+

Top non-repeatable levels by time:
     D:1: 669 daAuts
   Sewer: 536 daAuts
     D:3: 484 daAuts
     D:2: 403 daAuts
